 Dungeon Crawl Stone Soup version 0.29.1-12-g30fa7ad0bf (webtiles) character file.

Game seed: 7204833146188836500

323 wormed the Chopper (level 6, -1/53 HPs)
             Began as a Minotaur Berserker on Dec 25, 2022.
             Was a Believer of Trog.
             Killed from afar by an orc wizard (7 damage)
             ... with a magic dart
             ... on level 5 of the Dungeon.
             The game lasted 00:05:05 (3714 turns).

wormed the Chopper (Minotaur Berserker)             Turns: 3714, Time: 00:05:05

Health: -1/53      AC:  9    Str: 23    XL:     6   Next: 23%
Magic:  5/5        EV:  9    Int:  4    God:    Trog [**....]
Gold:   101        SH:  0    Dex: 10    Spells: 5/5 levels left

rFire   . . .      SeeInvis .   o - +0 battleaxe
rCold   . . .      Faith    .   (shield currently unavailable)
rNeg    . . .      Spirit   .   m - +0 chain mail
rPois   .          Reflect  .   (helmet restricted)
rElec   .          Harm     .   (no cloak)
rCorr   .          Rampage  .   (no gloves)
Will    .....                   (no boots)
Stlth   ..........              (no amulet)
HPRegen 0.17/turn               (no ring)
MPRegen 0.09/turn               (no ring)

@: confused
A: horns 2, retaliatory headbutt
a: Renounce Religion, Berserk, Trog's Hand


You were on level 5 of the Dungeon.
You worshipped Trog.
Trog was pleased with you.
You visited 1 branch of the dungeon, and saw 5 of its levels.

You collected 101 gold pieces.

Inventory:

Hand Weapons
 a - a +0 hand axe
 o - a +0 battleaxe (weapon)
Missiles
 h - 4 poisoned darts (quivered)
 n - 5 javelins
Armour
 b - a +0 animal skin
 m - a +0 chain mail (worn)
Jewellery
 p - a +6 ring of intelligence
Scrolls
 e - a scroll of blinking {unknown}
 g - a scroll of poison {unknown}
 j - 2 scrolls of immolation
 k - 2 scrolls of identify {unknown}
 r - a scroll of silence {unknown}
Potions
 c - a potion of brilliance {unknown}
 d - a potion of curing {unknown}
 f - 3 potions of heal wounds
 i - a potion of resistance {unknown}
 l - a potion of haste {unknown}
 q - 2 potions of magic {unknown}


   Skills:
 + Level 4.6 Fighting
 * Level 5.7 Axes
 + Level 3.9 Armour
 + Level 3.4 Dodging
 + Level 2.9 Shields


You had 5 spell levels left.
You didn't know any spells.
Your spell library was empty.

Dungeon Overview and Level Annotations

Branches:
Dungeon (6/15)
 Temple: D:4-7

Altars:

Shops:
D:1 !


Innate Abilities, Weirdness & Mutations

You have a pair of horns on your head.
You reflexively headbutt those who attack you in melee.


Message History

The orc priest begins to cast a cantrip, but forgets the words!
The orc hits you but does no damage. The gnoll hits you but does no damage.
The orc attacks as you move away! The orc closely misses you.
The gnoll closely misses you. The gnoll attacks as you move away!
The gnoll closely misses you. The orc attacks as you move away!
The orc hits you with a +0 dagger. Something hits you but does no damage.
The orc barely misses you. You furiously retaliate!
You headbutt the orc!
You kill the orc!
Trog accepts your kill. Something hits you but does no damage.
Something completely misses you. Something hits you but does no damage.
Something hits you but does no damage. The orc attacks as you move away!
The orc hits you but does no damage. x2
The orc priest invokes the aid of Beogh against you.
Beogh smites you!
* * * LOW HITPOINT WARNING * * *
You hear some strange, mumbled words.
A puff of flame appears from out of thin air!
The puff of flame misses you. The orc attacks as you move away!
The orc closely misses you.
You feel yourself speed up. Something hits you but does no damage.
You hear some strange, mumbled words.
A puff of flame appears from out of thin air!
The puff of flame hits you.
* * * LOW HITPOINT WARNING * * *
You hear some strange, mumbled words.
You are confused.
An orc wizard appears from thin air!
Reactivating autopickup.
The orc wizard casts a spell.
The orc wizard flickers and vanishes!
Deactivating autopickup; reactivate with Ctrl-A.
You're too confused to move!
You recover from your berserk rage.
Something tries to affect you, but you resist.
A magic dart appears from out of thin air!
The magic dart hits you!
You die...

##..g..###.........†.##
####o..........††...####
#{h####..............
##{####.......$..####
#..##.....$.....#
##...?..........#
##$............#
#.............#
#...@.....#####
#...>...>.#
#...........#
#.........###
#.........# #......)..#
#........$# #.........#
#.........


You could see a black bear and an orc.

Vanquished Creatures
  2 scorpions (D:5)
  A jelly (D:5)
  A hound (D:5)
  Jessica (D:2)
  Robin (D:2)
  4 adders
  A worm (D:2)
  A dart slug (D:2)
  An orc (D:5)
  5 ball pythons
  2 endoplasms (D:1)
  2 giant cockroaches (D:1)
  11 goblins
  10 hobgoblins
  6 jackals
  5 quokkas
  5 bats
  3 frilled lizards (D:2)
  4 kobolds
  3 rats
69 creatures vanquished.

Notes
Turn   | Place    | Note
-------+----------+-------------------------------------------
     0 | D:1      | wormed the Minotaur Berserker began the quest for the Orb.
     0 | D:1      | Reached XP level 1. HP: 19/19 MP: 0/0
   127 | D:1      | Found Rireorel's Distillery.
   164 | D:1      | Reached XP level 2. HP: 13/27 MP: 1/1
   489 | D:1      | Reached skill level 4 in Axes
   513 | D:1      | Reached skill level 1 in Shields
  1558 | D:2      | Reached XP level 3. HP: 33/33 MP: 2/2
  1573 | D:1      | Reached ** piety under Trog
  1708 | D:2      | Noticed Robin
  1815 | D:2      | Killed Robin
  1837 | D:2      | Reached XP level 4. HP: 35/40 MP: 3/3
  1932 | D:2      | Found a faded altar of an unknown god.
  1934 | D:2      | Noticed Jessica
  2515 | D:2      | Killed Jessica
  3555 | D:3      | Reached skill level 5 in Axes
  3605 | D:3      | Reached XP level 5. HP: 44/46 MP: 4/4
  3654 | D:3      | You fall into a shaft and drop 3 floors!
  3660 | D:5      | Entered Level 5 of the Dungeon
  3677 | D:5      | Reached XP level 6. HP: 34/53 MP: 5/5
  3714 | D:5      | Killed from afar by an orc wizard

Illustrated notes

Levels and vault maps discovered:
D:1:      dpeg_arrival_renting, layout_basic, serial_shops, shop
D:2:      layout_rooms, serial_aquarium, aquarium_bridge_square
          [aquarium_subvault_bridge, aquarium_subvault_balcony,
          aquarium_subvault_wall, aquarium_subvault_balcony],
          aquarium_bridge_straight [aquarium_subvault_bridge,
          aquarium_subvault_wall, aquarium_subvault_bridge,
          aquarium_subvault_wall], aquarium_window_1, aquarium_window_fake,
          aquarium_window_1, aquarium_view_2f, aquarium_view_2e,
          hellmonk_ecumenical_altar_blasted, uniq_robin, uniq_jessica
D:3:      layout_rooms, serial_curves, eino_curves_02, eino_curves_03, uniq_ijyb
D:5:      corexii_shantytown, layout_rooms,
          grunt_temple_overflow_champion_of_chaos, nemelex_spade_bored_becter,
          serial_shops, shop_fountains, nicolae_inconvenience_store
D:6:      layout_rooms, nicolae_tso_carved_into_rock,
          nicolae_wu_jian_immortal_techniques, lemuel_tele_altar

Skill      XL: |  1  2  3  4  5 |
---------------+----------------+-----
Axes           | 4 5 |  5.7
Shields        | 1 2 |  2.9
Armour         | 3 |  3.9
Fighting       | 4 |  4.6
Dodging        | 3 |  3.4

Action                   |  1- 3 |  4- 6 || total
-------------------------+-------+-------++-------
Melee: Hand axe          |    86 |     6 ||    92
       Headbutt          |    11 |     5 ||    16
       Battleaxe         |       |    55 ||    55
Invok: Berserk           |       |     2 ||     2
       Trog's Hand       |       |     1 ||     1
  Use: Potion            |       |     1 ||     1
 Stab: Sleeping          |     1 |       ||     1
Armor: Animal skin       |    11 |       ||    11
       Chain mail        |    27 |    62 ||    89
Dodge: Dodged            |    53 |    47 ||   100
